 Dungeon Crawl Stone Soup version 0.30-a0-737-gf23d94013f (webtiles) character file.

Game seed: 4533672895514187810

4 ragingrage the Scratcher (level 1, 0/9 HPs)
             Began as a Felid Transmuter on Feb 2, 2023.
             Slain by a quokka (5 damage)
             ... on level 1 of the Dungeon.
             The game lasted 00:00:18 (158 turns).

ragingrage the Scratcher (Felid Transmuter)          Turns: 158, Time: 00:00:19

Health: 0/9        AC:  1    Str:  6    XL:     1   Next: 50%
Magic:  3/4        EV: 17    Int: 14    God:
Gold:   36         SH:  0    Dex: 16    Spells: 3/4 levels left
                                        Lives:  0   Deaths: 0

rFire   . . .      SeeInvis +      - Unarmed
rCold   . . .      Faith    .    (shield unavailable)
rNeg    . . .      Spirit   .    (body armour unavailable)
rPois   .          Reflect  .    (helmet unavailable)
rElec   .          Harm     .    (cloak unavailable)
rCorr   .          Rampage  .    (gloves unavailable)
Will    .....                    (boots unavailable)
Stlth   ++                       (no amulet)
HPRegen 0.21/turn                (no ring)
MPRegen 0.09/turn                (no ring)

@: appendages (expiring), quick
A: horns 2, very small, claws 1, fangs 3, see invisible, speed 1, shaggy fur 1,
stealthy paws, no weapons or thrown items, no armour, multi-lived
a: End Transformation


You were on level 1 of the Dungeon.
You had temporarily grown beastly horns.
You visited 1 branch of the dungeon, and saw 1 of its levels.

You collected 36 gold pieces.

Inventory:

Potions
 a - a potion of lignification
 b - a potion of attraction {unknown}


   Skills:
 - Level 1.0 Fighting
 - Level 2.7 Dodging
 + Level 0.2 Stealth
 + Level 3.0 Unarmed Combat
 - Level 2.0 Spellcasting
 + Level 2.3 Transmutations


You had 3 spell levels left.
You knew the following spells:

 Your Spells              Type           Power      Damage    Failure   Level
a - Beastly Appendage     Tmut           14%        N/A       10%         1

Your spell library contained the following spells:

 Spells                   Type           Power      Damage    Failure   Level
 Wereblood                Tmut           7%         N/A       14%         2
 Spider Form              Tmut/Pois      4%         N/A       41%         3
 Ice Form                 Ice/Tmut       4%         N/A       83%         4


Dungeon Overview and Level Annotations

Branches:
Dungeon (1/15)

Altars:


Innate Abilities, Weirdness & Mutations

You have temporarily grown beastly horns.
You have sharp claws.
You have razor-sharp teeth.
You have supernaturally acute eyesight. (SInv)
You cover ground quickly. (Speed+)
You are covered in fur. (AC +1)
Your paws help you pounce on unaware monsters.
You are incapable of wielding weapons or throwing items.
You cannot wear armour.
You gain extra lives every three experience levels.


Message History

Confirm with . or Enter, or press ? or * to list all spells.
You grow a pair of large bovine horns.
The frilled lizard closely misses you.
You scratch the frilled lizard.
You kill the frilled lizard!
Unknown command.
You closely miss the goblin. Your headbutt misses the goblin.
The goblin barely misses you.
You closely miss the goblin. The goblin hits you with a +0 dagger.
You closely miss the goblin. The goblin misses you.
You barely miss the goblin. You headbutt the goblin.
You kill the goblin!
Found 17 gold pieces.
Your transformation is almost over.
Things that are here:
a +0 dagger; a goblin corpse You start resting.
Magic restored.
You now have 36 gold pieces (gained 17).
Your horns disappear.
You enter the shallow water.
Moving in this stuff is going to be slow.
Found a faded altar of an unknown god.
A quokka comes into view.
A quokka is nearby!
A quokka is nearby!
Casting: Beastly Appendage (safe; 10% risk of failure)
Confirm with . or Enter, or press ? or * to list all spells.
You grow a pair of large bovine horns.
Your transformation is almost over.
The quokka evades a web.
The quokka evades a web.
The quokka closely misses you.
You scratch the quokka but do no damage.
The quokka bites you.
You are too injured to fight recklessly!
You scratch the quokka. Your headbutt misses the quokka.
The quokka is heavily wounded.
The quokka bites you.
Ouch! That really hurt!
You die...

#..# ####..#########
## #.....)........ .#
#.##..#.###### .#
#.##.##.# .##
#.##.##.# ##.^###
#.##.##.# ##.....#
#.##.##.# #~..^.^#
#.##.##.#######~@$._.#
#(##.##......#~~~r^^^#
..##.##.######~~##.###
.....##.# #~~## .#
#.#####.## #~~# # #.#
#..# #~## #.# ##~#
##~# ..# #~# #~~# ###
##~# #~~#


You could see a quokka.

Vanquished Creatures
  A goblin (D:1)
  A quokka (D:1)
  A bat (D:1)
  A frilled lizard (D:1)
4 creatures vanquished.

Notes
Turn   | Place    | Note
-------+----------+-------------------------------------------
     0 | D:1      | ragingrage the Felid Transmuter began the quest for the
                  | Orb.
     0 | D:1      | Reached XP level 1. HP: 9/9 MP: 4/4
   152 | D:1      | Found a faded altar of an unknown god.
   158 | D:1      | Slain by a quokka

Illustrated notes

Levels and vault maps discovered:
D:1:      eino_arrival_water_star, layout_loops_ring, serial_rivers,
          chequers_serial_rivers_room_b, chequers_serial_rivers_room_a,
          chequers_serial_rivers_micro_c, chequers_serial_rivers_room_b,
          chequers_serial_rivers_large_b, chequers_serial_rivers_room_a,
          ebering_ecumenical_altar_webs, minmay_split_cup_small

Action                     || total
---------------------------++-------
  Melee: Unarmed           ||    13
         Headbutt          ||     1
   Cast: Beastly Appendage ||     3
 Armour: Skin              ||     2
  Dodge: Dodged            ||    14

Table legend: (Time is in decaauts)
 A = Elapsed time spent in this place.
 B = Non-inter-level travel time spent in this place.
 C = Inter-level travel time spent in this place.
 D = Time resting spent in this place.
 E = Time spent auto-exploring this place.
 F = Levels seen in this place.
 G = Mean time per level.
                   A        B        C        D        E       F      G
               +--------+--------+--------+--------+--------+-----+--------+
         Total |    160 |    160 |      0 |     10 |    115 |   1 |  160.0 |
       Dungeon |    160 |    160 |      0 |     10 |    115 |   1 |  160.0 |
               +--------+--------+--------+--------+--------+-----+--------+

Top non-repeatable levels by time:
     D:1: 160 daAuts
